 Dungeon Crawl Stone Soup version 0.28.0-53-g5a82cb258f (console) character file.

Game seed: 18314118292761634029

2899 Hector the Thaumaturge (level 10, -3/73 HPs)
             Began as a Djinni Cinder Acolyte on Oct 14, 2022.
             Was a High Priest of Ignis.
             Slain by Harold
             ... wielding a +0 halberd
              (14 damage)
             ... on level 7 of the Dungeon on Oct 15, 2022.
             The game lasted 00:28:32 (10090 turns).

Hector the Thaumaturge (Djinni Cinder Acolyte)     Turns: 10090, Time: 00:28:33

Health: -3/73      AC:  8    Str: 13    XL:     10   Next: 6%
Gold:   178        EV: 16    Int: 21    God:    Ignis [*****.] SH:  0 Dex:  8

rFire   + + +      SeeInvis .   I - +2 dagger (venom)
rCold   x . .      Faith    .   (no shield)
rNeg    . . .      Spirit   .   M - +3 leather armour {rPois}
rPois   ∞          Reflect  .   K - +0 helmet
rElec   .          Harm     .   (no cloak)
rCorr   .          Rampage  .   N - +0 pair of gloves
Will    ++...                   (boots unavailable)
Stlth   +.........              (no amulet)
HPRegen 0.22/turn               J - ring of willpower
MPRegen 0.00/turn               V - +4 ring of evasion

@: marked, flying
A: sickness immunity, fire resistance 2, cold vulnerability 1, float, innate
caster, HP casting, extra vitality 1
a: Renounce Religion, Fiery Armour, Foxfire Swarm, Rising Flame


You were on level 7 of the Dungeon.
You worshipped Ignis.
Ignis was extremely pleased with you.
You visited 1 branch of the dungeon, and saw 7 of its levels.
You also visited: Sewer.

You collected 178 gold pieces.

Inventory:

Hand Weapons
 a - a -1 short sword of flaming
 b - a +2 antimagic dagger
 m - a +2 hunting sling of freezing
 r - a +0 vorpal war axe
 D - a +0 short sword of protection
 F - a +5 long sword
 I - a +2 dagger of venom (weapon)
 L - a +0 vorpal falchion
 T - a +5 scimitar
 W - a +3 vorpal trident
Missiles
 d - 443 stones
 i - 59 poisoned darts
 z - 5 boomerangs
 E - 3 boomerangs of dispersal
Armour
 j - a +0 robe
 t - the +5 ring mail of Privacy {Str+3}
   (You took it off a kobold in a sewer)

   Str:       It affects your strength (+3).
 x - a +0 robe of positive energy
 K - a +0 helmet (worn)
 M - a +3 leather armour of poison resistance (worn)
 N - a +0 pair of gloves (worn)
Jewellery
 J - a ring of willpower (left hand)
 V - a +4 ring of evasion (right hand)
Wands
 v - a wand of flame (38)
Scrolls
 c - a scroll of summoning {unknown}
 k - 3 scrolls of immolation {unknown}
 l - 4 scrolls of teleportation
 n - 2 scrolls of blinking {unknown}
 o - a scroll of amnesia {unknown}
 s - 2 scrolls of magic mapping {unknown}
 u - a scroll of fog {unknown}
 y - 3 scrolls of enchant armour {unknown}
 B - a scroll of acquirement {unknown}
 G - a scroll of vulnerability {unknown}
 R - 3 scrolls of enchant weapon {unknown}
 S - 2 scrolls of identify
Potions
 e - a potion of heal wounds {unknown}
 f - 2 potions of lignification
 g - 2 potions of might
 h - 2 potions of brilliance {unknown}
 p - a potion of resistance {unknown}
 q - a potion of cancellation {unknown}
 w - a potion of mutation {unknown}
 A - a potion of curing
 C - a potion of experience {unknown}
 O - 2 potions of haste
 U - a potion of ambrosia {unknown}


   Skills:
 * Level 6.4 Fighting
 - Level 2.6 Short Blades
 * Level 3.7 Armour
 * Level 4.2 Dodging
 + Level 8.4 Spellcasting


You had 14 spell levels left.
You knew the following spells:

 Your Spells              Type           Power      Damage    Failure   Level
a - Scorch                Fire           88%        2d9       1%          2
b - Freeze                Ice            100%       1d11      1%          1
c - Lesser Beckoning      Tloc           44%        N/A       1%          3
i - Call Imp              Summ           44%        N/A       1%          2
A - Ozocubu's Armour      Ice            44%        N/A       1%          3
Your spell library was empty.

Dungeon Overview and Level Annotations

Branches:
Dungeon (7/15)             Temple (0/1) D:5           Sewer (visited)

Altars:
Cheibriados
Elyvilon
Makhleb
Qazlal
Ru
Vehumet
Xom
The Shining One

Annotations:
D:4 2 transporters, CCrusader23's ghost, weakling DsAK
D:7 Harold


Innate Abilities, Weirdness & Mutations

You are immune to sickness and miasma.
You are immune to poison.
Your flesh is very heat resistant. (rF++)
You are vulnerable to cold. (rC-)
You float through the air rather than walking.
You learn spells naturally, not from books.
Your magical power is your life essence.
You have superior vitality. (+4 MHP)


Message History

Casting: Scorch (safe; 1% risk of failure)
Press: ? - help, Q - select action, (/) - cycle Dir - look around, f - activate Flames lash the wight.
The wight is burned terribly!
You destroy the wight!
The wight hits you but does no damage.
Unknown command.
Casting: Scorch (safe; 1% risk of failure)
Press: ? - help, Q - select action, (/) - cycle Dir - look around, f - activate Flames lash the wight.
The wight is burned terribly!
You destroy the wight!
You hear a shout!
You start resting.
Harold the Weathered comes into view.
He is wielding a +0 halberd.
Your icy armour will break if you move.
Continue?
Okay, then.
Unknown command.
Unknown command.
Your icy armour will break if you move.
Continue?
Your icy armour cracks and falls away as you move.
Things that are here:
a +0 scythe; a +0 robe; a gnoll corpse Harold fires a harpoon shot at you.
The harpoon shot hits you!
You are yanked forward by the harpoon shot.
Harold throws a throwing net.
The throwing net hits you.
You become entangled in the net!
You see here a throwing net.
You struggle against the net.
Harold hits you from afar with a +0 halberd!
You struggle against the net.
Harold points at you and mumbles some strange words.
A sentinel's mark forms upon you.
You shred the net and break free! Harold completely misses you.
Harold says, "Try to look on the bright side.
Your death will help put my children through school."
Harold hits you from afar with a +0 halberd!
* * * LOW HITPOINT WARNING * * *
Unknown command.
There is an escape hatch in the ceiling here.
Harold hits you from afar with a +0 halberd!
You die...

... ##.).#.# #......#
..##...)#.### #.)....#
...._.)....# #......#
.#....##...# #......# #...
#)..####......####
#.###.###................#
#........................#
#####..@...#.............#
#.##.@##...........).#
#.....##.............#
#####.#######.######## #.#
#.# #.#######.#
#>......#.########
#.#####.#.#......# #^#
#.#.#......# #.#
#.#.#..###..


You could see Harold.

Vanquished Creatures
  Grinder (Sewer)
  Eustachio (D:4)
  2 water moccasins (D:6)
  An ice beast (D:7)
  5 ogres
  3 necrophages
  A phantom (D:2)
  3 kobold brigands
  A gnoll sergeant (D:6)
  A scorpion (D:4)
  13 wights
  A bullfrog zombie (D:5)
  An orc priest (D:5)
  A bullfrog skeleton (D:7)
  A hound (D:3)
  2 iguanas
  Natasha (thrice) (D:4)
  3 orc wizards (D:6)
  Robin (D:4)
  7 gnolls
  6 adders
  2 shadow imps
  2 ufetubi
  An adder skeleton (D:4)
  3 dart slugs
  22 orcs
  10 endoplasms
  11 giant cockroaches
  21 goblins
  6 hobgoblins
  39 kobolds
  4 quokkas
  5 ball pythons
  11 bats
  5 frilled lizards
  2 rats (D:3)
202 creatures vanquished.

Notes
Turn   | Place    | Note
-------+----------+-------------------------------------------
     0 | D:1      | Hector the Djinni Cinder Acolyte began the quest for the
                  | Orb.
     0 | D:1      | Reached XP level 1. HP: 20/20 MP: 0/0
   259 | D:1      | Reached XP level 2. HP: 14/25 MP: 0/0
   801 | D:1      | Reached XP level 3. HP: 26/30 MP: 0/0
   801 | D:1      | Learned a level 1 spell: Freeze
  1688 | D:2      | Reached skill level 3 in Spellcasting
  2045 | D:2      | Found a faded altar of an unknown god.
  2118 | D:2      | Noticed an ogre
  2122 | D:2      | Killed an ogre
  2123 | D:2      | Reached XP level 4. HP: 28/37 MP: 0/0
  2123 | D:2      | Reached XP level 5. HP: 31/41 MP: 0/0
  2123 | D:2      | Learned a level 2 spell: Call Imp
  2225 | D:2      | Noticed a phantom
  2233 | D:2      | Killed a phantom
  2234 | D:2      | Reached skill level 4 in Spellcasting
  2234 | D:2      | Reached XP level 6. HP: 37/47 MP: 0/0
  2729 | D:3      | Found a glowing drain.
  2775 | Sewer    | Entered a sewer
  2932 | Sewer    | Noticed Grinder
  3083 | Sewer    | Killed Grinder
  3084 | Sewer    | Reached skill level 5 in Spellcasting
  3084 | Sewer    | Reached XP level 7. HP: 36/53 MP: 0/0
  3084 | Sewer    | Learned a level 3 spell: Lesser Beckoning
  3132 | Sewer    | Identified the +5 ring mail of Privacy {Str+3}
  4375 | D:3      | Reached XP level 8. HP: 56/58 MP: 0/0
  4471 | D:3      | Reached skill level 5 in Fighting
  4659 | D:4      | Reached skill level 1 in Armour
  4659 | D:4      | Reached skill level 1 in Dodging
  4659 | D:4      | Reached skill level 6 in Spellcasting
  4772 | D:4      | Noticed Natasha
  4943 | D:4      | Killed Natasha
  5055 | D:4      | Noticed Natasha
  5240 | D:4      | Noticed Robin
  5273 | D:4      | Killed Robin
  5399 | D:4      | Noticed Eustachio
  5428 | D:4      | Killed Eustachio
  5554 | D:4      | Found a transporter.
  5555 | D:4      | Noticed CCrusader23's ghost (weakling DsAK)
  5555 | D:4      | Identified the +5 giant club "Ovekker" {vorpal, Int+3
                  | Dex+4}
  5560 | D:4      | Found a transporter.
  5611 | D:4      | Found a snail-covered altar of Cheibriados.
  5669 | D:4      | Found a stormy altar of Qazlal.
  5683 | D:4      | Found a burning altar of Makhleb.
  5756 | D:4      | Killed Natasha
  6127 | D:4      | Found a snail-covered altar of Cheibriados.
  6166 | D:4      | Found a transporter.
  6172 | D:4      | Found a transporter.
  6198 | D:4      | Noticed Natasha
  6213 | D:4      | Killed Natasha
  6263 | D:4      | Found a burning altar of Makhleb.
  6269 | D:4      | Found a stormy altar of Qazlal.
  6442 | D:5      | Entered Level 5 of the Dungeon
  6576 | D:5      | Found a staircase to the Ecumenical Temple.
  6829 | D:5      | Found a shimmering altar of Xom.
  6958 | D:5      | Reached skill level 7 in Spellcasting
  6958 | D:5      | Reached XP level 9. HP: 45/65 MP: 0/0
  6958 | D:5      | Learned a level 3 spell: Ozocubu's Armour
  7708 | D:5      | Found a sacrificial altar of Ru.
  8869 | D:6      | Reached skill level 8 in Spellcasting
  9714 | D:7      | Found a white marble altar of Elyvilon.
  9843 | D:7      | Reached XP level 10. HP: 67/73 MP: 0/0
 10058 | D:7      | Found a glowing golden altar of the Shining One.
 10078 | D:7      | Noticed Harold
 10090 | D:7      | Slain by Harold

Illustrated notes

Levels and vault maps discovered:
D:1:      dpeg_arrival_renting, layout_basic
D:2:      layout_loops_ring, hellmonk_ecumenical_altar_lost_god,
          grunt_decor_arrowhead, kennysheep_potato
D:3:      kennysheep_big_flooded_room, layout_basic, portal_sewer_entry_f
D:4:      layout_basic, mainiacjoe_overflow_big_doors, general_overflow_altar,
          gammafunk_ghost_smash, uniq_eustachio, uniq_robin, uniq_natasha
D:5:      layout_basic, nicolae_ru_the_path_less_chosen, vehumet_altar_wand_db,
          mainiacjoe_overflow_24_doors, minmay_temple_entry_grid, minivault_24,
          nicolae_elevator_lobby_plus
D:6:      layout_basic
D:7:      layout_basic, grunt_dithmenos_smoke_and_mirrors, kennysheep_mini_moat,
          nicolae_overflow_crystal_walls, grunt_ministairs_8, sigmund_army,
          uniq_harold

Skill      XL: |  1  2  3  4  5  6  7  8  9 |
---------------+----------------------------+-----
Spellcasting   | 3 4 5 7 8 |  8.4
Fighting       | 4 5 6 |  6.4
Armour         | 2 3 |  3.7
Dodging        | 2 4 |  4.2
Short Blades   | |  2.6

Action                   |  1- 3 |  4- 6 |  7- 9 | 10-12 || total
-------------------------+-------+-------+-------+-------++-------
Melee: Short sword       |    21 |       |       |       ||    21
       Dagger            |       |       |     4 |       ||     4
 Cast: Scorch            |    44 |    50 |   213 |    21 ||   328
       Call Imp          |       |     2 |       |       ||     2
       Ozocubu's Armour  |       |       |    10 |     2 ||    12
  Use: Scroll            |       |       |     5 |       ||     5
Armor: Robe              |    17 |     4 |     1 |       ||    22
       Leather armour    |       |       |    11 |     2 ||    13
Dodge: Dodged            |    27 |    13 |    46 |     7 ||    93
